Map: King's Cove LE

Players

Starlord - Winner!

  • Race: Terran Terran
  • League: Master
  • Spawn Location: 11:00

PrintSC

  • Race: Terran Terran
  • League: Grandmaster
  • Spawn Location: 5:00

VOD

https://youtu.be/eYKirtngVx8

Description

Time

  • Played on: July 29, 2019, 5:19 p.m.
  • Length: 12:17
Show
View Real Time Build Order
Export as new Build Order

Starlord Terran - Winner!

Build Orders:  

Get SALT Encoding   

  12  0:00  SCV  
  13  0:13  SCV  
  14  0:19  Supply Depot  
  14  0:25  SCV  
  15  0:40  SCV  
  15  0:42  Barracks  
  16  0:48  Refinery  
  16  0:52  SCV  
  17  1:05  Barracks  
  17  1:10  SCV  
  18  1:16  Refinery  
  18  1:22  SCV  
  19  1:32  Reaper  
  20  1:37  Orbital Command  
  20  1:51  Supply Depot  
  20  1:52  Reaper  
  21  2:03  SCV  
  21  2:04  Reaper  
  23  2:24  Reaper  
  23  2:45  SCV  
  23  2:46  Factory  
  24  2:53  Command Center  
  24  3:04  SCV, Reaper  
  26  3:09  Supply Depot  
  26  3:14  Reaper  
  26  3:16  SCV  
  25  3:36  Factory Tech Lab  
  25  3:40  SCV  
  27  3:47  Starport  
  26  3:53  SCV, Supply Depot  
  27  4:00  Hellion  
  29  4:05  SCV  
  29  4:09  Orbital Command  
  24  4:17  SCV  
  25  4:28  Starport Tech Lab  
  25  4:29  SCV  
  26  4:41  SCV  
  26  4:42  Cyclone  
  31  4:50  Orbital Command  
  30  4:53  SCV  
  30  4:55  Barracks  
  30  4:58  Cloaking Field  
  31  5:09  Banshee  
  31  5:11  SCV  
  35  5:15  Command Center  
  35  5:17  SCV  
  36  5:23  SCV  
  36  5:25  Barracks  
  37  5:29  SCV  
  38  5:36  SCV  
  38  5:41  SCV  
  40  5:43  Barracks Tech Lab  
  40  5:48  SCV  
  41  5:50  Barracks Reactor, Barracks  
  41  5:52  Banshee  
  41  5:54  Refinery  
  44  5:57  SCV  
  44  6:01  SCV  
  44  6:03  Combat Shield  
  46  6:09  SCV  
  47  6:14  SCV  
  47  6:15  Marine  
  47  6:16  Barracks Reactor  
  49  6:21  SCV  
  50  6:26  Marine  
  50  6:27  Orbital Command, Marine  
  52  6:35  Banshee  
  55  6:53  Marine x2, Barracks Reactor  
  55  6:54  Marine x2  
  58  6:55  SCV  
  58  6:59  Engineering Bay x2  
  58  7:00  SCV x2  
  62  7:07  SCV  
  63  7:11  Marine  
  63  7:12  SCV  
  65  7:26  Marine  
  65  7:29  Banshee  
  66  7:30  Marine  
  69  7:43  SCV x2, Marine  
  69  7:44  Marine x2  
  73  7:46  Stimpack  
  73  7:49  Terran Infantry Armor Level 1, Terran Infantry Weapons Level 1  
  73  7:50  Barracks x2  
  74  7:52  Armory, Marine, Barracks  
  74  7:55  Supply Depot  
  74  7:56  Supply Depot  
  72  8:01  Marine x2  
  74  8:07  Marine x2  
  74  8:11  Starport  
  76  8:12  Marine  
  76  8:16  Banshee, Marine x2  
  76  8:18  Factory Reactor, Supply Depot x2, Marine x2  
  84  8:25  Marine x2  
  84  8:26  SCV x3  
  89  8:31  Marine  
  90  8:34  Marine x2  
  90  8:36  Marine  
  90  8:38  SCV x3  
  93  8:43  Marine x3  
  93  8:44  Marine  
  93  8:46  Marine x2  
  99  8:49  Marine  
  99  8:51  Supply Depot x2  
  99  8:52  Marine x2  
  99  8:54  Marine  
  103  9:01  Marine x3  
  103  9:02  Marine  
  103  9:06  Marine  
  103  9:07  Marine  
  106  9:11  Marine  
  106  9:15  Banshee  
  104  9:18  Terran Vehicle And Ship Armor Level 1  
  104  9:19  Marine  
  104  9:20  Marine x4  
  109  9:28  Marine x2  
  109  9:29  Marine x2  
  110  9:37  SCV x3  
  110  9:38  Command Center  
  113  9:43  Terran Infantry Weapons Level 2  
  113  9:44  Supply Depot, Terran Infantry Armor Level 2  
  113  9:45  Supply Depot  
  113  9:47  Marine x3  
  113  9:49  SCV  
  117  9:53  Marine  
  120  10:02  Banshee  
  120  10:04  Medivac  
  120  10:05  Medivac  
  120  10:06  Marine x3  
  120  10:07  Marine x6  
  128  10:09  Supply Depot  
  128  10:11  Supply Depot, Marine  
  135  10:17  SCV  
  136  10:24  Marine x4  
  136  10:25  Marine x5  
  145  10:29  Marine  
  145  10:34  Supply Depot  
  145  10:35  Barracks  
  146  10:36  Barracks  
  146  10:39  Barracks  
  146  10:42  Marine x5  
  149  10:43  Marine, Barracks Reactor x3  
  149  10:47  Marine  
  149  10:48  Medivac x2  
  157  11:00  Marine x4  
  157  11:02  Marine x2  
  163  11:05  Marine  
  137  11:17  Marine  
  137  11:18  Medivac, Marine x3  
  122  11:20  Marine x2  
  122  11:21  Marine  
  122  11:22  Marine x8  
  126  11:35  Marine x4  
  126  11:36  Marine  
  126  11:38  Marine x2  
  126  11:39  Marine x2  
  121  11:40  Marine  
  118  11:49  Marine x2  
  118  11:50  Marine  
  118  11:51  Marine x3  
  118  11:52  SCV x2  
  118  11:53  Marine x2  
  121  11:54  Marine x2  
Show
View Real Time Build Order
Export as new Build Order

PrintSC Terran 

Build Orders:  

Get SALT Encoding   

  12  0:00  SCV  
  13  0:13  SCV  
  14  0:18  Supply Depot  
  14  0:25  SCV  
  15  0:29  Refinery  
  15  0:39  SCV  
  16  0:45  Barracks  
  16  0:51  SCV  
  17  1:03  SCV  
  18  1:16  SCV  
  19  1:33  Orbital Command, Reaper  
  20  1:49  Factory  
  20  1:58  Refinery  
  20  2:00  SCV  
  21  2:01  Bunker  
  21  2:07  Reaper  
  22  2:12  SCV  
  23  2:19  Supply Depot  
  23  2:24  SCV  
  23  2:37  Hellion  
  23  2:38  Starport  
  23  2:39  SCV  
  21  2:52  SCV  
  21  2:53  Reaper  
  25  2:58  Hellion  
  25  3:04  SCV  
  26  3:06  Supply Depot  
  26  3:16  SCV  
  26  3:28  SCV  
  26  3:32  Reaper  
  26  3:33  Starport Tech Lab  
  26  3:39  Hellion  
  26  3:40  SCV  
  29  3:52  SCV, Command Center  
  30  4:04  SCV  
  30  4:06  Marine  
  31  4:16  SCV, Hellion  
  29  4:17  Raven  
  31  4:28  SCV  
  32  4:31  Barracks Reactor  
  32  4:39  Factory Tech Lab  
  32  4:40  SCV  
  33  4:49  Supply Depot  
  33  4:59  Siege Tank  
  36  5:05  Orbital Command  
  36  5:07  SCV  
  36  5:09  Marine x2  
  39  5:16  Raven  
  39  5:19  SCV  
  42  5:22  Refinery  
  42  5:28  Orbital Command  
  42  5:30  Marine x2  
  42  5:31  SCV  
  45  5:37  Siege Tank  
  48  5:43  SCV  
  49  5:52  Command Center  
  49  5:53  Marine  
  49  5:55  SCV x2  
  52  6:04  Supply Depot  
  52  6:06  Marine  
  52  6:08  Raven  
  52  6:11  SCV, Marine  
  56  6:17  SCV  
  58  6:23  SCV, Siege Tank  
  58  6:25  Marine  
  62  6:28  Marine  
  62  6:29  SCV  
  62  6:31  Supply Depot  
  65  6:35  SCV  
  64  6:50  SCV x2  
  66  7:02  SCV x2  
  67  7:09  Viking x2  
  67  7:10  Marine  
  67  7:14  SCV x2  
  70  7:26  SCV x2  
  70  7:29  Orbital Command  
  71  7:37  Marine  
  71  7:38  SCV x2, Siege Tank, Stimpack  
  77  7:45  Viking  
  77  7:50  SCV x2  
  78  8:01  Orbital Command  
  78  8:02  SCV x2  
  78  8:03  Refinery  
  80  8:07  Barracks x2  
  80  8:13  Marine  
  80  8:14  SCV x2, Siege Tank  
  80  8:18  Viking  
  88  8:26  SCV, Viking  
  88  8:27  SCV x2  
  89  8:38  SCV  
  89  8:39  SCV  
  89  8:40  SCV  
  92  8:41  Marine  
  93  8:51  Engineering Bay  
  93  8:52  SCV, Engineering Bay  
  93  8:54  SCV  
  93  8:56  SCV  
  93  8:58  Medivac  
  93  9:00  Medivac  
  93  9:05  SCV  
  93  9:10  SCV  
  93  9:12  Barracks Reactor  
  93  9:13  Barracks Reactor  
  93  9:27  SCV  
  93  9:34  Sensor Tower  
  93  9:40  Supply Depot  
  93  9:42  Combat Shield, Supply Depot  
  93  9:49  Marine  
  93  9:50  SCV x3, Supply Depot, Siege Tank  
  93  9:52  Supply Depot  
  100  9:55  Marine, Terran Infantry Weapons Level 1  
  101  10:01  Marine  
  101  10:02  SCV, Medivac x2, Marine x2  
  101  10:05  Refinery  
  101  10:06  Terran Infantry Armor Level 1  
  109  10:08  SCV x2  
  109  10:12  Missile Turret  
  111  10:15  Missile Turret  
  111  10:16  Marine x2  
  113  10:22  Armory  
  113  10:23  SCV  
  114  10:29  SCV  
  114  10:30  SCV  
  114  10:31  Liberator  
  114  10:33  Marine x2  
  114  10:34  Siege Tank  
  121  10:36  SCV  
  121  10:40  Marine  
  121  10:41  SCV, Viking  
  126  10:48  Refinery  
  129  10:50  Marine x2  
  131  10:57  Supply Depot  
  131  11:00  SCV x2  
  131  11:02  Marine  
  88  11:20  Marine  
  68  11:29  Marine x4  
  68  11:38  Marine  
  57  11:43  SCV  
  57  11:47  Marine x4  
  57  11:49  SCV  
  43  11:55  SCV, Marine  
  26  12:01  SCV  
Tags
 
Add a new tag
Caveats
  • Supply blocks, unpowered buildings, or Contaminate may cause inaccurate times.
  • Supply counts are checked every 10 seconds.